 Dungeon Crawl Stone Soup version 0.32-a0-290-g598725c5f2 (webtiles) character file.

Game seed: 948482373644498400

4363 PriceMaster the Geomancer (level 10, 0/85 HPs)
             Began as an Octopode Earth Elementalist on Feb 14, 2024.
             Was a Follower of Vehumet.
             Slain by a large slime creature (19 damage)
             ... on level 8 of the Dungeon.
             The game lasted 00:22:40 (11179 turns).

PriceMaster the Geomancer (OpEE)                   Turns: 11179, Time: 00:22:40

Health: 0/85       AC: 29    Str: 11    XL:     10   Next: 34%
Magic:  5/22       EV:  2    Int: 19    God:    Vehumet [*.....]
Gold:   314        SH:  0    Dex: 12    Spells: 13/25 levels left

rFire   x . .        b - staff of earth
rCold   + + .        (no shield)
rNeg    . . .        (helmet currently unavailable)
rPois   +            k - amulet of the acrobat
rElec   .            e - ring of flight
rCorr   .            c - ring of protection from cold
SInv    .            h - +4 ring of protection
Will    .....        m - ring of ice
Stlth   ++++         (no ring)
HPRegen 0.34/turn    (no ring)
MPRegen 0.18/turn    (no ring)
                     (no ring)

%: acrobat
@: tree-form
A: stationary, stasis, torment immunity, boosted hp, almost no armour,
(amphibious), 8 rings, (camouflage 1), (gelatinous body 1), (nimble swimmer 1),
(tentacles)
a: Renounce Religion


You were on level 8 of the Dungeon.
You worshipped Vehumet.
Vehumet was aware of your devotion.
You were a tree.
You visited 1 branch of the dungeon, and saw 8 of its levels.

You collected 314 gold pieces.

Inventory:

Hand Weapons
 a - a +0 short sword
 j - a +2 short sword of draining
 l - a +4 halberd
Missiles
 s - 2 throwing nets
Magical Staves
 b - a staff of earth (weapon)
Jewellery
 c - a ring of protection from cold (right branch)
 e - a ring of flight (left branch)
 h - a +4 ring of protection (on tentacle)
 k - an amulet of the acrobat (around neck)
 m - a ring of ice (on tentacle)
Wands
 r - a wand of polymorph (7)
 u - a wand of paralysis (6)
 w - a wand of digging (3)
 x - a wand of flame (18)
Scrolls
 d - a scroll of vulnerability {unknown}
 f - 6 scrolls of identify {unknown}
 g - a scroll of torment {unknown}
 i - 2 scrolls of noise {unknown}
 o - 2 scrolls of teleportation {unknown}
 q - 3 scrolls of revelation {unknown}
 t - a scroll of immolation {unknown}
 y - 2 scrolls of fear {unknown}
Potions
 p - a potion of enlightenment {unknown}
 v - a potion of attraction {unknown}
 z - 2 potions of resistance {unknown}
 A - a potion of curing
 B - a potion of mutation {unknown}
 C - a potion of haste {unknown}


   Skills:
 + Level 0.3 Fighting
 + Level 0.7 Short Blades
 + Level 5.6 Dodging
 + Level 7.8 Stealth
 + Level 8.1 Spellcasting
 + Level 5.4 Conjurations
 * Level 10.7 Earth Magic
 + Level 0.6 Alchemy
 + Level 4.4 Evocations


You had 13 spell levels left.
You knew the following spells:

 Your Spells              Type           Power      Damage    Failure   Level
a - Sandblast             Erth           100%       2d20      1%          1
b - Stone Arrow           Conj/Erth      100%       3d13      1%          3
c - Brom's Barrelling Bo  Conj/Erth      55%        2d7       3%          4
d - Petrify               Alch/Erth      44%        N/A       9%          4

Your spell library contained the following spells:

 Spells                   Type           Power      Damage    Failure   Level
 Shock                    Conj/Air       72%        1d7       3%          1
 Passwall                 Erth           64%        N/A       1%          3
 Kiss of Death            Conj/Necr      72%        2d10      3%          1
 Freeze                   Ice            44%        1d6       9%          1
 Summon Small Mammal      Summ           28%        N/A       9%          1
 Hailstorm                Conj/Ice       27%        3d8       9%          3
 Ensorcelled Hibernation  Hex/Ice        22%        N/A       14%         2
 Call Canine Familiar     Summ           7%         N/A       26%         3
 Confusing Touch          Hex            7%         N/A       26%         3
 Frozen Ramparts          Ice            22%        1d4       26%         3
 Fugue of the Fallen      Necr           7%         N/A       26%         3
 Inner Flame              Hex/Fire       7%         N/A       26%         3
 Flame Wave               Conj/Fire      18%        2d7       28%         4
 Sticky Flame             Fire/Alch      9%         2d5       61%         4
 Anguish                  Hex/Necr       3%         N/A       65%         4
 Dispel Undead            Necr           7%         3d8       65%         4
 Summon Blazeheart Golem  Fire/Summ      7%         N/A       65%         4
 Summon Mana Viper        Hex/Summ       7%         N/A       94%         5
 Polar Vortex             Ice            5%         N/A       100%        9


Dungeon Overview and Level Annotations

Branches:
Dungeon (8/15)             Temple (0/1) D:5
   Lair: D:8-11

Altars:
Ashenzari
Kikubaaqudgha
Makhleb
Ru
Vehumet

Shops:
D:5 (   D:7 **


Innate Abilities, Weirdness & Mutations

You are a tree.
Your roots penetrate the ground, keeping you stationary.
You cannot be teleported.
You are immune to unholy pain and torment.
Your maximum health is greatly increased.
You cannot wear most types of armour.
((You are amphibious.))
You can wear up to eight rings at the same time.
((Your skin changes colour to match your surroundings (Stealth+).))
((Your rubbery body absorbs attacks. (AC +1, EV +1)))
((You are camouflaged when in or above water. (Stealth+)))
((You have tentacles for arms and can constrict up to eight enemies at once.))


Message History

Confirm with . or Enter, or press ? or * to list all spells.
Aiming: Sandblast (safe; 1% risk of failure)
Press: ? - help, Shift-Dir - straight line, p - slime creature
Okay, then.
You closely miss the killer bee.
The large slime creature is no longer petrified.
The killer bee stings you but does no damage. x2
The slime creature hits you but does no damage. x2
The killer bee completely misses you.
The slime creature hits you but does no damage. x2
You miss the killer bee.
The killer bee stings you but does no damage. x2
The slime creature hits you but does no damage.
The slime creature barely misses you.
You miss the killer bee. The killer bee barely misses you.
The killer bee stings you but does no damage.
The slime creature hits you but does no damage.
The large slime creature hits you. The slime creature barely misses you.
The killer bee stings you.
You miss the killer bee.
The killer bee stings you but does no damage.
The slime creature hits you but does no damage.
The large slime creature hits you. The slime creature hits you!
The killer bee stings you.
You are poisoned.
The killer bee poisons you!
You barely miss the killer bee.
You feel sick.
The killer bee stings you but does no damage.
The slime creature hits you!
* * * LOW HITPOINT WARNING * * *
The slime creature hits you!
* * * LOW HITPOINT WARNING * * *
The large slime creature hits you but does no damage.
The killer bee stings you but does no damage.
You feel better.
The killer bee stings you but does no damage.
The slime creature hits you.
* * * LOW HITPOINT WARNING * * *
The large slime creature hits you!!
You die...

# .>. .# #. ..#
..#
##.####.####.†#
.........^.... #
#......>..#..
..###............
...#.........#
......Jy..)..#
....#..J♣.....#
..$.#..J......#
..............#
....#.........#
... ########### .


You could see a large slime creature, 2 slime creatures and a killer bee.

Vanquished Creatures
  Grinder (D:4)
  A wyvern (D:8)
  A steam dragon (D:6)
  A water moccasin (D:6)
  An ice beast (D:6)
  2 orc warriors
  3 ogres
  2 centaurs
  A phantom (D:5)
  4 bullfrogs
  A scorpion (D:5)
  9 wights
  2 bombardier beetles
  5 hounds
  3 jellies
  3 orc priests
  An iguana (D:5)
  4 sleepcaps (D:6)
  3 orc wizards
  Robin (D:4)
  5 adders
  5 gnolls
  A river rat (D:5)
  A shadow imp (D:6)
  3 white imps
  A dart slug (D:3)
  A ribbon worm (D:2)
  23 orcs
  2 bats
  4 endoplasms
  7 giant cockroaches
  11 goblins
  11 hobgoblins
  12 jackals
  2 quokkas
  7 ball pythons
  6 frilled lizards
  11 kobolds
  9 rats
  A spectral kobold (D:2)
172 creatures vanquished.

Vanquished Creatures (collateral kills)
  An orc (D:4)
  10 boulders
11 creatures vanquished.

Vanquished Creatures (others)
  An orc (D:6)
  21 boulders
22 creatures vanquished.

Grand Total: 205 creatures vanquished

Notes
Turn   | Place    | Note
-------+----------+-------------------------------------------
     0 | D:1      | PriceMaster the Octopode Earth Elementalist began the quest
                  | for the Orb.
     0 | D:1      | Reached XP level 1. HP: 11/11 MP: 3/3
    41 | D:1      | Reached XP level 2. HP: 14/17 MP: 0/5
   269 | D:1      | Reached XP level 3. HP: 21/21 MP: 4/6
   273 | D:1      | Learned a level 3 spell: Stone Arrow
  1091 | D:2      | Reached XP level 4. HP: 27/27 MP: 3/7
  1205 | D:2      | Reached skill level 4 in Earth Magic
  1652 | D:2      | Found a faded altar of an unknown god.
  2702 | D:3      | Reached XP level 5. HP: 24/31 MP: 0/9
  3748 | D:4      | Reached skill level 5 in Earth Magic
  3868 | D:4      | Noticed Grinder
  3870 | D:4      | Paralysed by Grinder for 2 turns
  3873 | D:4      | Killed Grinder
  3874 | D:4      | Reached XP level 6. HP: 36/36 MP: 6/11
  4402 | D:4      | Reached skill level 6 in Earth Magic
  4402 | D:4      | Reached XP level 7. HP: 41/41 MP: 5/12
  4501 | D:4      | Learned a level 4 spell: Brom's Barrelling Boulder
  4912 | D:4      | Identified the +1 helmet of the Maze {Rampage Dex+2}
  4912 | D:4      | Noticed Robin
  4938 | D:4      | Killed Robin
  6052 | D:4      | Reached skill level 7 in Earth Magic
  6052 | D:4      | Reached XP level 8. HP: 46/46 MP: 1/14
  6197 | D:5      | Entered Level 5 of the Dungeon
  6389 | D:5      | Found a staircase to the Ecumenical Temple.
  6413 | D:5      | Found a radiant altar of Vehumet.
  6413 | D:5      | Found an ancient bone altar of Kikubaaqudgha.
  6414 | D:5      | Found a burning altar of Makhleb.
  6421 | D:5      | Became a worshipper of Vehumet
  6460 | D:5      | Found Ohacufak's Firing Range.
  6744 | D:5      | Reached skill level 5 in Spellcasting
  7046 | D:5      | Found a sacrificial altar of Ru.
  7047 | D:5      | Found a broken altar of Ashenzari.
  7359 | D:6      | Reached skill level 8 in Earth Magic
  7372 | D:6      | Reached skill level 5 in Dodging
  7372 | D:6      | Reached skill level 10 in Earth Magic
  7372 | D:6      | Reached XP level 9. HP: 14/51 MP: 2/20
  7755 | D:6      | Reached skill level 5 in Conjurations
  7891 | D:6      | Reached * piety under Vehumet
  7891 | D:6      | Offered knowledge of Shock by Vehumet.
  8651 | D:6      | Reached XP level 10. HP: 56/56 MP: 6/21
  9052 | D:6      | Learned a level 4 spell: Petrify
  9654 | D:7      | Found Anegox's Assorted Antiques.
  9780 | D:6      | Identified a scroll of acquirement
  9780 | D:6      | Acquired a staff of earth
 10309 | D:7      | Got the Grimoire of the Crystallized Mirage
 11049 | D:7      | Found Hores's CLEARANCE SALE!.
 11179 | D:8      | Slain by a large slime creature

Illustrated notes

Levels and vault maps discovered:
D:1:      wander_arrival_chamber, layout_rooms, serial_bayou_pond_e
D:2:      layout_basic, dreamdust_ecumenical_altar_drowned_temple,
          nicolae_the_louvre
D:3:      minmay_angry_zag, layout_loops_corners, kennysheep_potato
D:4:      layout_basic, corexii_leaking_fountain, minmay_tree_intersection,
          uniq_robin, uniq_grinder
D:5:      layout_rooms, chequers_temple_overflow_statue_of_worship,
          nicolae_overflow_two_pavilions, lemuel_temple_firewalk_a,
          portal_sewer_entry_a, nicolae_shop_firing_range
D:6:      layout_basic, hangedman_decor_peaks_small,
          hangedman_abyss_or_decor_lesser_grid, grunt_ministairs_5, st_stairs_8
D:7:      layout_rooms, serial_shops, shop, nicolae_shop_clearance
D:8:      layout_rooms, serial_library_hellmonk_reading_circle,
          kennysheep_cluttered_room, uniq_pikel

Skill      XL: |  1  2  3  4  5  6  7  8  9 10 |
---------------+-------------------------------+-----
Stealth        | 3 7 |  7.8
Earth Magic    | 4 5 6 7 10 | 10.7
Spellcasting   | 3 4 7 8 |  8.1
Conjurations   | 2 4 5 |  5.4
Dodging        | 3 5 |  5.6
Evocations     | 4 |  4.4
Fighting       | |  0.3
Short Blades   | |  0.7
Alchemy        | |  0.6

Action                     |  1- 3 |  4- 6 |  7- 9 | 10-12 || total
---------------------------+-------+-------+-------+-------++-------
  Melee: Unarmed           |     5 |       |       |       ||     5
         Constrict         |     4 |     6 |    12 |     6 ||    28
         Tentacles         |     4 |     4 |    12 |    10 ||    30
         Short sword       |     6 |    21 |    37 |       ||    64
         Staff             |       |       |       |    43 ||    43
         Halberd           |       |       |       |     2 ||     2
   Cast: Sandblast         |    22 |    18 |    29 |     3 ||    72
         Stone Arrow       |     8 |    33 |    32 |    18 ||    91
         Brom's Barrelling |       |       |    44 |    19 ||    63
         Petrify           |       |       |       |    20 ||    20
  Evoke: Wand              |       |       |    10 |     7 ||    17
    Use: Potion            |     1 |     1 |     4 |     2 ||     8
         Scroll            |       |       |       |     2 ||     2
   Stab: Sleeping          |       |     1 |       |       ||     1
         Petrified         |       |       |       |    14 ||    14
         Petrifying        |       |       |       |     1 ||     1
 Armour: Skin              |    11 |    19 |    42 |    77 ||   149
  Dodge: Dodged            |    11 |    23 |    47 |    39 ||   120

Table legend: (Time is in decaauts)
 A = Elapsed time spent in this place.
 B = Non-inter-level travel time spent in this place.
 C = Inter-level travel time spent in this place.
 D = Time resting spent in this place.
 E = Time spent auto-exploring this place.
 F = Levels seen in this place.
 G = Mean time per level.
                   A        B        C        D        E       F      G
               +--------+--------+--------+--------+--------+-----+--------+
         Total |  11217 |  11054 |    163 |   2854 |   6746 |   8 | 1402.1 |
       Dungeon |  11217 |  11054 |    163 |   2854 |   6746 |   8 | 1402.1 |
               +--------+--------+--------+--------+--------+-----+--------+

Top non-repeatable levels by time:
     D:6: 2503 daAuts
     D:4: 2499 daAuts
     D:3: 1378 daAuts
     D:7: 1355 daAuts
     D:2: 1249 daAuts
     D:1: 1094 daAuts
     D:5: 1089 daAuts
     D:8: 47 daAuts
